TOP OF THE 1ST |
Spokane Indians batting - Pitching for Tri-City ValleyCats : RHP Adam Behrens
|
Pitching: RHP Adam Behrens
|
|
Batting: RHB Joe Kemp
|
0-0: SINGLE (Line Drive, 9S, EV 105.0 MPH)
|
Batting: RHB Chance Lamb
|
0-0: Ball Joe Kemp steals 2nd base (no throw) 1-0: Ball 2-0: Foul Ball, location: 2F 2-1: Ball 3-1: TRIPLE (Flyball, 78XD, EV 103.8 MPH) Joe Kemp scores
|
Batting: LHB Adrian Chavez
|
0-0: Ball 1-0: Foul Ball, location: 2F 1-1: Ball Wild Pitch! Chance Lamb scores 2-1: Swinging Strike 2-2: Ball 3-2: Foul Ball, location: 2F 3-2: Base on Balls
|
Batting: RHB Zi-jing Wang
|
0-0: Ball Adrian Chavez steals 2nd base 1-0: Ball 2-0: Ball 3-0: Base on Balls
|
Batting: RHB Jason Sher
|
0-0: Ball 1-0: Ball 2-0: SINGLE (Line Drive, 9S, EV 108.8 MPH) Adrian Chavez to third Zi-jing Wang to second Throwing error, E9 Adrian Chavez scores Zi-jing Wang to third Jason Sher to second
|
Batting: RHB Mike Meeker
|
0-0: Ball 1-0: Foul Ball, location: 2F 1-1: Called Strike 1-2: Foul Ball, location: 2F 1-2: Ball 2-2: Foul Ball, location: 2F 2-2: Ball 3-2: Fly out, F8 (Flyball, 8LD, EV 103.1 MPH) Runner from 3rd tags up, SCORES, throw by CF Jason Sher to third
|
Batting: SHB Alvare Bairro
|
0-0: DOUBLE (Line Drive, 8RXD, EV 103.8 MPH) Jason Sher scores
|
Batting: RHB Dave Brabo
|
0-0: Ball 1-0: Ball Alvare Bairro steals 3rd, throwing error, E2 Alvare Bairro scores 2-0: Ball 3-0: Base on Balls
|
Batting: RHB Dongdo-pa Mai
|
0-0: Ball 1-0: Called Strike 1-1: DOUBLE (Flyball, 78D, EV 112.5 MPH) Dave Brabo to third
|
Batting: RHB Joe Kemp
|
0-0: Called Strike 0-1: Ball Wild Pitch! Dave Brabo scores Dongdo-pa Mai to third 1-1: Ball 2-1: Ball 3-1: Foul Ball, location: 2F 3-2: Foul Ball, location: 2F 3-2: Base on Balls
|
Batting: RHB Chance Lamb
|
0-0: Called Strike Joe Kemp steals 2nd base 0-1: Foul Ball, location: 2F 0-2: Ball 1-2: Ball 2-2: Ball 3-2: Base on Balls
|
Batting: LHB Adrian Chavez
|
0-0: Foul Ball, location: 2F 0-1: Ball 1-1: Ball Balk! Dongdo-pa Mai scores Joe Kemp to third Chance Lamb to second 2-1: Foul Ball, location: 2F 2-2: Ball 3-2: Base on Balls
|
Pitching: LHP Jon Pope
|
|
Batting: RHB Zi-jing Wang
|
0-0: Grounds into fielders choice 1-2 (Groundball, 15, EV 61.9 MPH) Chance Lamb to third Adrian Chavez to second
|
Batting: RHB Jason Sher
|
0-0: Ball 1-0: Swinging Strike 1-1: Ball 2-1: Ball Wild Pitch! Chance Lamb scores Adrian Chavez to third Zi-jing Wang to second 3-1: Base on Balls
|
Batting: RHB Mike Meeker
|
0-0: Ball 1-0: Ball 2-0: Ball Wild Pitch! Adrian Chavez scores Zi-jing Wang to third Jason Sher to second 3-0: Base on Balls
|
Batting: SHB Alvare Bairro
|
Balk! Zi-jing Wang scores Jason Sher to third Mike Meeker to second 0-0: Called Strike 0-1: SINGLE (Groundball, 15S, EV 69.4 MPH) (infield hit) Jason Sher scores Mike Meeker to third
|
Batting: RHB Dave Brabo
|
0-0: Foul Ball, location: 2F 0-1: Called Strike 0-2: Ball 1-2: Foul Ball, location: 2F 1-2: Ball Balk! Mike Meeker scores Alvare Bairro to second 2-2: Ball 3-2: Hit by Pitch
|
Batting: RHB Dongdo-pa Mai
|
0-0: Ground out 6-3 (Groundball, 56D, EV 104.4 MPH)
|
Top of the 1st over - 13 runs, 6 hits, 2 errors, 2 left on base; Spokane 13 - Tri-City 0 |
BOTTOM OF THE 1ST |
Tri-City ValleyCats batting - Pitching for Spokane Indians : RHP Alexander Neustroev
|
Pitching: RHP Alexander Neustroev
|
|
Batting: RHB Ben Hoffman
|
0-0: Fly out, F3 (Popup, 3F, EV 76.2 MPH)
|
Batting: RHB Justin Olmstead
|
0-0: Called Strike 0-1: Called Strike 0-2: SINGLE (Groundball, 6MS, EV 63.8 MPH) (infield hit)
|
Batting: LHB Vinny Siebecker
|
0-0: Ball 1-0: Foul Ball, location: 2F 1-1: Ball 2-1: Called Strike 2-2: Foul Ball, location: 2F 2-2: Fielders Choice at 2nd, 6-4 (Groundball, 6, EV 103.1 MPH)
|
Batting: SHB Chris Keziah
|
0-0: Ground out U3 (Groundball, 34S, EV 92.5 MPH)
|
Bottom of the 1st over - 0 runs, 1 hit, 0 errors, 1 left on base; Spokane 13 - Tri-City 0 |
TOP OF THE 2ND |
Spokane Indians batting - Pitching for Tri-City ValleyCats : LHP Jon Pope
|
Batting: RHB Joe Kemp
|
0-0: Ball 1-0: Swinging Strike 1-1: Ball 2-1: Foul Ball, location: 2F 2-2: Strikes out swinging
|
Batting: RHB Chance Lamb
|
0-0: Called Strike 0-1: Ball 1-1: Ball 2-1: Ball 3-1: Base on Balls
|
Batting: LHB Adrian Chavez
|
Balk! Chance Lamb to second 0-0: Called Strike 0-1: Ball 1-1: Ball 2-1: Ball 3-1: Foul Ball, location: 2F 3-2: Foul Ball, location: 2F 3-2: Foul Ball, location: 2F 3-2: Base on Balls
|
Batting: RHB Zi-jing Wang
|
0-0: Called Strike 0-1: Swinging Strike 0-2: Foul Ball, location: 2F 0-2: Ball 1-2: Ball 2-2: SINGLE (Groundball, 5S, EV 67.5 MPH) (infield hit) Chance Lamb to third Adrian Chavez to second
|
Pitching: RHP Chris Miller
|
|
Batting: RHB Jason Sher
|
0-0: Called Strike 0-1: Ball 1-1: Swinging Strike 1-2: Ball 2-2: Foul Ball, location: 2F 2-2: Strikes out swinging
|
Batting: RHB Mike Meeker
|
0-0: Called Strike 0-1: Reached on error, E4 (Line Drive, 4, EV 62.5 MPH) Chance Lamb scores Adrian Chavez to third Zi-jing Wang to second
|
Batting: SHB Alvare Bairro
|
0-0: Swinging Strike 0-1: Ball 1-1: Swinging Strike 1-2: Ball 2-2: Strikes out swinging
|
Top of the 2nd over - 1 run, 1 hit, 1 error, 3 left on base; Spokane 14 - Tri-City 0 |
BOTTOM OF THE 2ND |
Tri-City ValleyCats batting - Pitching for Spokane Indians : RHP Alexander Neustroev
|
Batting: RHB Bobby Dunn
|
0-0: Ball 1-0: Ball 2-0: SINGLE (Flyball, 4D, EV 93.1 MPH)
|
Batting: RHB Evan Fry
|
0-0: Called Strike 0-1: Fielders Choice at 2nd, 4-6 (Groundball, 4, EV 90.6 MPH)
|
Batting: RHB Mike Koch
|
0-0: Ball 1-0: Ball 2-0: Foul Ball, location: 2F 2-1: Grounds into double play, 6-4-3 (Groundball, 6MD, EV 95.0 MPH)
|
Bottom of the 2nd over - 0 runs, 1 hit, 0 errors, 0 left on base; Spokane 14 - Tri-City 0 |
TOP OF THE 3RD |
Spokane Indians batting - Pitching for Tri-City ValleyCats : RHP Chris Miller
|
Batting: RHB Dave Brabo
|
0-0: Called Strike 0-1: Ball 1-1: Ball 2-1: Foul Ball, location: 2F 2-2: Foul Ball, location: 2F 2-2: Ball 3-2: Ground out 4-3 (Groundball, 4, EV 90.0 MPH)
|
Batting: RHB Dongdo-pa Mai
|
0-0: Foul Ball, location: 2F 0-1: Ball 1-1: Ball 2-1: Foul Ball, location: 2F 2-2: Strikes out swinging
|
Pitching: RHP Salvador Gomez
|
|
Batting: RHB Joe Kemp
|
0-0: Ground out 4-3 (Groundball, 4S, EV 86.9 MPH)
|
Top of the 3rd over - 0 runs, 0 hits, 0 errors, 0 left on base; Spokane 14 - Tri-City 0 |
BOTTOM OF THE 3RD |
Tri-City ValleyCats batting - Pitching for Spokane Indians : RHP Alexander Neustroev
|
Batting: RHB Ruben Pujols
|
0-0: Foul Ball, location: 2F 0-1: DOUBLE (Line Drive, 89D, EV 108.1 MPH)
|
Batting: RHB Rob Baker
|
0-0: SINGLE (Groundball, 56S, EV 63.8 MPH) (infield hit) Ruben Pujols to third
|
Batting: RHB Ben Hoffman
|
0-0: Ball 1-0: Called Strike 1-1: Foul Ball, location: 2F 1-2: Ball 2-2: Grounds into double play, 6-4-3 (Groundball, 6S, EV 78.1 MPH) Ruben Pujols scores
|
Batting: RHB Justin Olmstead
|
0-0: Ground out 6-3 (Groundball, 6, EV 80.0 MPH)
|
Bottom of the 3rd over - 1 run, 2 hits, 0 errors, 0 left on base; Spokane 14 - Tri-City 1 |
TOP OF THE 4TH |
Spokane Indians batting - Pitching for Tri-City ValleyCats : RHP Salvador Gomez
|
Batting: RHB Chance Lamb
|
0-0: Called Strike 0-1: Ball 1-1: Fly out, F9 (Flyball, 89D, EV 96.9 MPH)
|
Batting: LHB Adrian Chavez
|
0-0: Ball 1-0: Foul Ball, location: 2F 1-1: Ground out 4-3 (Groundball, 4M, EV 101.2 MPH)
|
Batting: RHB Zi-jing Wang
|
0-0: Ball 1-0: Ball 2-0: Foul Ball, location: 2F 2-1: Ground out 6-3 (Groundball, 6, EV 85.6 MPH)
|
Top of the 4th over - 0 runs, 0 hits, 0 errors, 0 left on base; Spokane 14 - Tri-City 1 |
BOTTOM OF THE 4TH |
Tri-City ValleyCats batting - Pitching for Spokane Indians : RHP Alexander Neustroev
|
Batting: LHB Vinny Siebecker
|
0-0: Ball 1-0: Ball 2-0: Ball 3-0: Called Strike 3-1: Swinging Strike 3-2: Base on Balls
|
Batting: SHB Chris Keziah
|
0-0: Ball 1-0: Ball 2-0: Foul Ball, location: 2F 2-1: Grounds into double play, 4-6-3 (Groundball, 4, EV 87.5 MPH)
|
Batting: RHB Bobby Dunn
|
0-0: Foul Ball, location: 2F 0-1: Ball 1-1: Ball 2-1: Swinging Strike 2-2: Strikes out swinging
|
Bottom of the 4th over - 0 runs, 0 hits, 0 errors, 0 left on base; Spokane 14 - Tri-City 1 |
TOP OF THE 5TH |
Spokane Indians batting - Pitching for Tri-City ValleyCats : RHP Salvador Gomez
|
Batting: RHB Jason Sher
|
0-0: Called Strike 0-1: Foul Ball, location: 2F 0-2: SINGLE (Groundball, 6, EV 106.9 MPH)
|
Batting: RHB Mike Meeker
|
0-0: Ball 1-0: Ball 2-0: Ball 3-0: Base on Balls Jason Sher to second
|
Pitching: RHP Arsène Serre
|
|
Batting: SHB Alvare Bairro
|
0-0: Ball 1-0: Called Strike 1-1: Reached via error on a dropped throw from P, E6 (Groundball, 13, EV 68.8 MPH) Jason Sher to third Mike Meeker to second
|
Batting: RHB Dave Brabo
|
0-0: Called Strike 0-1: Ball 1-1: Called Strike 1-2: Ball 2-2: Foul Ball, location: 2F 2-2: Strikes out swinging
|
Batting: RHB Dongdo-pa Mai
|
0-0: Called Strike 0-1: Swinging Strike 0-2: Foul Ball, location: 2F 0-2: Ball 1-2: SINGLE (Line Drive, 34, EV 95.0 MPH) Jason Sher scores Mike Meeker to third Alvare Bairro to second
|
Batting: RHB Joe Kemp
|
0-0: SINGLE (Groundball, 25, EV 62.5 MPH) (infield hit) Mike Meeker scores Alvare Bairro to third Dongdo-pa Mai to second
|
Batting: RHB Chance Lamb
|
0-0: SINGLE (Groundball, 6MD, EV 110.0 MPH) Alvare Bairro scores Dongdo-pa Mai to third Joe Kemp to second Runner from 3rd tries for Home, SAFE, throw by CF to home
|
Batting: LHB Adrian Chavez
|
0-0: Ball 1-0: Fielders Choice at 2nd, 3-6 (Groundball, 34S, EV 83.8 MPH) Joe Kemp to third
|
Pitching: RHP Chris Miles
|
|
Batting: RHB Zi-jing Wang
|
0-0: Ball 1-0: Ball 2-0: Ball 3-0: Called Strike 3-1: Swinging Strike 3-2: Strikes out swinging
|
Top of the 5th over - 4 runs, 4 hits, 1 error, 2 left on base; Spokane 18 - Tri-City 1 |
BOTTOM OF THE 5TH |
Tri-City ValleyCats batting - Pitching for Spokane Indians : RHP Alexander Neustroev
|
Batting: RHB Evan Fry
|
0-0: Called Strike 0-1: Ball 1-1: Swinging Strike 1-2: Ball 2-2: Ball 3-2: Strikes out swinging
|
Batting: RHB Mike Koch
|
0-0: Called Strike 0-1: Foul Ball, location: 2F 0-2: Ball 1-2: Foul Ball, location: 2F 1-2: Fly out, F3 (Popup, 3SF, EV 67.5 MPH)
|
Batting: RHB Ruben Pujols
|
0-0: Foul Ball, location: 2F 0-1: Swinging Strike 0-2: Ball 1-2: Strikes out swinging
|
Bottom of the 5th over - 0 runs, 0 hits, 0 errors, 0 left on base; Spokane 18 - Tri-City 1 |
TOP OF THE 6TH |
Spokane Indians batting - Pitching for Tri-City ValleyCats : RHP Chris Miles
|
Batting: RHB Jason Sher
|
0-0: Foul Ball, location: 2F 0-1: Ball 1-1: Foul Ball, location: 2F 1-2: Foul Ball, location: 2F 1-2: Ball 2-2: Ball 3-2: Foul Ball, location: 2F 3-2: Strikes out swinging
|
Batting: RHB Mike Meeker
|
0-0: Called Strike 0-1: Swinging Strike 0-2: Ball 1-2: SINGLE (Flyball, 3D, EV 90.0 MPH)
|
Batting: SHB Alvare Bairro
|
0-0: Called Strike 0-1: Foul Ball, location: 2F 0-2: Strikes out looking
|
Batting: RHB Dave Brabo
|
0-0: Called Strike 0-1: Ball 1-1: Ball 2-1: DOUBLE (Groundball, 5L, EV 94.4 MPH) Mike Meeker to third
|
Batting: RHB Dongdo-pa Mai
|
0-0: Ball 1-0: Swinging Strike 1-1: SINGLE (Flyball, 89M, EV 85.6 MPH) Mike Meeker scores Dave Brabo to third Runner from 3rd tries for Home, SAFE, throw by RF to home
|
Batting: RHB Joe Kemp
|
0-0: Ball 1-0: Called Strike 1-1: Ball 2-1: Foul Ball, location: 2F 2-2: Foul Ball, location: 2F 2-2: Foul Ball, location: 2F 2-2: Ball 3-2: Ground out 6-3 (Groundball, 6, EV 87.5 MPH)
|
Top of the 6th over - 2 runs, 3 hits, 0 errors, 1 left on base; Spokane 20 - Tri-City 1 |
BOTTOM OF THE 6TH |
Tri-City ValleyCats batting - Pitching for Spokane Indians : RHP Alexander Neustroev
|
Batting: RHB Rob Baker
|
0-0: Swinging Strike 0-1: Called Strike 0-2: Foul Ball, location: 2F 0-2: Strikes out swinging
|
Batting: RHB Ben Hoffman
|
0-0: Called Strike 0-1: TRIPLE (Line Drive, 9LD, EV 102.5 MPH)
|
Batting: RHB Justin Olmstead
|
0-0: Called Strike 0-1: Swinging Strike 0-2: SINGLE (Line Drive, 9S, EV 110.0 MPH) Ben Hoffman scores
|
Batting: LHB Vinny Siebecker
|
0-0: Ball 1-0: Fielders Choice at 2nd, 4-6 (Groundball, 4, EV 81.2 MPH)
|
Batting: SHB Chris Keziah
|
0-0: Foul Ball, location: 2F 0-1: Ball 1-1: Ball Balk! Vinny Siebecker to second 2-1: Foul Ball, location: 2F 2-2: Fly out, F9 (Line Drive, 89D, EV 97.5 MPH)
|
Bottom of the 6th over - 1 run, 2 hits, 0 errors, 1 left on base; Spokane 20 - Tri-City 2 |
TOP OF THE 7TH |
Spokane Indians batting - Pitching for Tri-City ValleyCats : RHP Chris Miles
|
Batting: RHB Chance Lamb
|
0-0: Swinging Strike 0-1: Called Strike 0-2: Ball 1-2: Ball 2-2: Ball 3-2: Strikes out looking
|
Batting: LHB Adrian Chavez
|
0-0: Called Strike 0-1: DOUBLE (Line Drive, 78M, EV 93.1 MPH)
|
Batting: RHB Zi-jing Wang
|
0-0: Ball 1-0: Ball 2-0: Ball 3-0: Called Strike 3-1: Base on Balls
|
Pinch Hitting: RHB Frank Cano
|
0-0: Called Strike 0-1: Ball 1-1: Swinging Strike 1-2: Strikes out swinging
|
Batting: RHB Mike Meeker
|
0-0: Ball 1-0: Ball 2-0: Ball 3-0: Called Strike 3-1: Base on Balls Adrian Chavez to third Zi-jing Wang to second
|
Batting: SHB Alvare Bairro
|
0-0: SINGLE (Groundball, 56D, EV 103.8 MPH) Adrian Chavez scores Zi-jing Wang to third Mike Meeker to second Runner from 3rd tries for Home, SAFE, throw by LF to home
|
Pinch Hitting: LHB Willie Calderon
|
0-0: Called Strike 0-1: Ball 1-1: Ball 2-1: Foul Ball, location: 2F 2-2: Foul Ball, location: 2F 2-2: Ball 3-2: Foul Ball, location: 2F 3-2: Strikes out swinging
|
Top of the 7th over - 2 runs, 2 hits, 0 errors, 2 left on base; Spokane 22 - Tri-City 2 |
BOTTOM OF THE 7TH |
Tri-City ValleyCats batting - Pitching for Spokane Indians : RHP Alexander Neustroev
|
Now at 2B: Alex Silva
|
|
Now at SS: Frank Cano
|
|
Batting: RHB Bobby Dunn
|
0-0: Called Strike 0-1: Ground out 6-3 (Groundball, 6, EV 105.6 MPH)
|
Batting: RHB Evan Fry
|
0-0: Ball 1-0: Ball 2-0: Called Strike 2-1: Fly out, F9 (Line Drive, 9, EV 96.2 MPH)
|
Batting: RHB Mike Koch
|
0-0: Called Strike 0-1: Foul Ball, location: 2F 0-2: Ball 1-2: Foul Ball, location: 2F 1-2: Strikes out looking
|
Bottom of the 7th over - 0 runs, 0 hits, 0 errors, 0 left on base; Spokane 22 - Tri-City 2 |
TOP OF THE 8TH |
Spokane Indians batting - Pitching for Tri-City ValleyCats : RHP Chris Miles
|
Pinch Hitting: LHB Masahiko Yamasaki
|
0-0: Ball 1-0: Foul Ball, location: 2F 1-1: Ball 2-1: Foul Ball, location: 2F 2-2: Ball 3-2: Base on Balls
|
Pinch Hitting: LHB Doug Barr
|
0-0: Ball 1-0: Foul Ball, location: 2F 1-1: Ball Wild Pitch! Masahiko Yamasaki to second 2-1: SINGLE (Groundball, 56D, EV 98.1 MPH) Masahiko Yamasaki to third Runner from 3rd tries for Home, throw by LF and OUT! 7-2 Doug Barr to second
|
Batting: RHB Chance Lamb
|
0-0: Ball 1-0: Ball 2-0: Ball 3-0: Base on Balls
|
Batting: LHB Adrian Chavez
|
0-0: Ball Wild Pitch! Doug Barr to third Chance Lamb to second 1-0: Ball 2-0: Foul Ball, location: 2F 2-1: Fly out, F5 (Popup, 5, EV 78.8 MPH)
|
Batting: RHB Zi-jing Wang
|
0-0: Swinging Strike 0-1: Ground out 1-3 (Groundball, 15S, EV 68.1 MPH)
|
Top of the 8th over - 0 runs, 1 hit, 0 errors, 2 left on base; Spokane 22 - Tri-City 2 |
BOTTOM OF THE 8TH |
Tri-City ValleyCats batting - Pitching for Spokane Indians : RHP Alexander Neustroev
|
Now at 1B: Roger Renteria
|
|
Now in LF: Doug Barr
|
|
Now in CF: Zi-jing Wang
|
|
Now in RF: Masahiko Yamasaki
|
|
Batting: RHB Ruben Pujols
|
0-0: Swinging Strike 0-1: Called Strike 0-2: Strikes out swinging
|
Batting: RHB Rob Baker
|
0-0: SINGLE (Flyball, 56D, EV 91.2 MPH)
|
Batting: RHB Ben Hoffman
|
0-0: Ball 1-0: Foul Ball, location: 2F 1-1: Ball 2-1: TRIPLE (Line Drive, 78XD, EV 106.9 MPH) Rob Baker scores
|
Batting: RHB Justin Olmstead
|
0-0: SINGLE (Groundball, 6MD, EV 98.8 MPH) Ben Hoffman scores
|
Batting: LHB Vinny Siebecker
|
0-0: Called Strike 0-1: Ball 1-1: Ball Wild Pitch! Justin Olmstead to second 2-1: Foul Ball, location: 2F 2-2: Strikes out swinging
|
Pitching: LHP Tim McConnel
|
|
Batting: SHB Chris Keziah
|
0-0: Called Strike 0-1: Ball 1-1: Ball 2-1: Foul Ball, location: 2F 2-2: Strikes out looking
|
Bottom of the 8th over - 2 runs, 3 hits, 0 errors, 1 left on base; Spokane 22 - Tri-City 4 |
TOP OF THE 9TH |
Spokane Indians batting - Pitching for Tri-City ValleyCats : RHP Chris Miles
|
Pinch Hitting: LHB William Hanley
|
0-0: Ball 1-0: Ball 2-0: SOLO HOME RUN (Flyball, 9D, EV 96.9 MPH), Distance : 362 ft
|
Batting: RHB Mike Meeker
|
0-0: Foul Ball, location: 2F 0-1: Ball 1-1: Foul Ball, location: 2F 1-2: Ball 2-2: DOUBLE (Flyball, 78D, EV 113.8 MPH)
|
Pinch Hitting: LHB Guo-ning Ren
|
0-0: Ball 1-0: Foul Ball, location: 2F 1-1: Ball 2-1: 2-RUN HOME RUN (Flyball, 9D, EV 95.0 MPH), Distance : 353 ft
|
Pinch Hitting: LHB Mike Sloan
|
0-0: Fly out, F8 (Flyball, 8RXD, EV 88.1 MPH)
|
Pinch Hitting: LHB Tomehiro Mizutani
|
0-0: Called Strike 0-1: Ground out 4-3 (Groundball, 4S, EV 78.1 MPH)
|
Batting: LHB Doug Barr
|
0-0: Called Strike 0-1: SINGLE (Groundball, 3D, EV 103.8 MPH)
|
Batting: RHB Chance Lamb
|
0-0: Ground out 6-3 (Groundball, 6MS, EV 85.6 MPH)
|
Top of the 9th over - 3 runs, 4 hits, 0 errors, 1 left on base; Spokane 25 - Tri-City 4 |
BOTTOM OF THE 9TH |
Tri-City ValleyCats batting - Pitching for Spokane Indians : LHP Tim McConnel
|
Now at C: Guo-ning Ren
|
|
Now at 1B: Mike Sloan
|
|
Now at 2B: Tsunesuke Kato
|
|
Now at SS: Roger Renteria
|
|
Now in RF: William Hanley
|
|
Batting: RHB Bobby Dunn
|
0-0: Called Strike 0-1: Called Strike 0-2: Ball 1-2: Ground out 5-3 (Groundball, 56, EV 85.0 MPH)
|
Batting: RHB Evan Fry
|
0-0: Called Strike 0-1: Called Strike 0-2: Strikes out looking
|
Batting: RHB Mike Koch
|
0-0: Ball 1-0: Swinging Strike 1-1: Ball 2-1: Ball 3-1: Swinging Strike 3-2: Strikes out looking
|
Bottom of the 9th over - 0 runs, 0 hits, 0 errors, 0 left on base; Spokane 25 - Tri-City 4 |
|